TOP OF THE 1ST |
Memphis Blues batting - Pitching for Salem Silver Souls : RHP Isaac Coleman
|
Pitching: RHP Isaac Coleman
|
|
Batting: SHB Terry Dailey
|
0-0: Ball 1-0: Ball 2-0: Called Strike 2-1: Ball 3-1: Fly out, F7 (Flyball, 7S)
|
Batting: RHB Jaime Spiridon
|
0-0: Foul Ball, location: 2F 0-1: Swinging Strike 0-2: Ball 1-2: Ball 2-2: Ball 3-2: Foul Ball, location: 2F 3-2: Base on Balls
|
Batting: LHB Chris Austin
|
0-0: Called Strike 0-1: Called Strike 0-2: Ball 1-2: Ball 2-2: SINGLE (Line Drive, 6D) Jaime Spiridon to second
|
Batting: LHB Arturo Rivera
|
0-0: Ball 1-0: Grounds into double play, 4-6-3 (Groundball, 4)
|
Top of the 1st over - 0 run(s), 1 hit(s), 0 error(s), 1 left on base; Memphis 0 - Salem 0 |
BOTTOM OF THE 1ST |
Salem Silver Souls batting - Pitching for Memphis Blues : RHP Bill Long
|
Pitching: RHP Bill Long
|
|
Batting: SHB Tony Yan
|
0-0: Foul Ball, location: 2F 0-1: Fly out, F7 (Flyball, 7)
|
Batting: RHB Brian Dixon
|
0-0: Ball 1-0: Ball 2-0: Swinging Strike 2-1: Foul Ball, location: 2F 2-2: SINGLE (Line Drive, 78S)
|
Batting: LHB Nick Scott
|
0-0: Fly out, F8 (Flyball, 8RD)
|
Batting: LHB Ezechiele Bruno
|
0-0: Ball 1-0: DOUBLE (Line Drive, 8RXD) Brian Dixon to third
|
Batting: RHB Gustavo Pagán
|
0-0: Ball 1-0: Called Strike 1-1: Swinging Strike 1-2: Ball 2-2: DOUBLE (Line Drive, 7D) Brian Dixon scores Ezechiele Bruno scores
|
Batting: RHB Gabriel Miranda
|
0-0: Swinging Strike 0-1: Swinging Strike 0-2: Ball 1-2: Strikes out swinging
|
Bottom of the 1st over - 2 run(s), 3 hit(s), 0 error(s), 1 left on base; Memphis 0 - Salem 2 |
TOP OF THE 2ND |
Memphis Blues batting - Pitching for Salem Silver Souls : RHP Isaac Coleman
|
Batting: RHB Glenn Melican
|
0-0: Called Strike 0-1: Ball 1-1: Ball 2-1: Foul Ball, location: 2F 2-2: Fly out, F6 (Flyball, 56D)
|
Batting: LHB Phil Cantrell
|
0-0: Called Strike 0-1: Ball 1-1: Swinging Strike 1-2: Foul Ball, location: 2F 1-2: Foul Ball, location: 2F 1-2: SINGLE (Groundball, 34) (infield hit)
|
Batting: LHB Alan McGilroy
|
0-0: Called Strike Phil Cantrell is caught stealing 2nd base 0-1: Ball 1-1: Ground out 3-1 (Groundball, 34)
|
Top of the 2nd over - 0 run(s), 1 hit(s), 0 error(s), 0 left on base; Memphis 0 - Salem 2 |
BOTTOM OF THE 2ND |
Salem Silver Souls batting - Pitching for Memphis Blues : RHP Bill Long
|
Batting: SHB Jesús Sosa
|
0-0: Called Strike 0-1: Fly out, F7 (Line Drive, 7)
|
Batting: RHB Willie Houk
|
0-0: Ball 1-0: Foul Ball, location: 2F 1-1: Foul Ball, location: 2F 1-2: Ball 2-2: SINGLE (Flyball, 89S)
|
Batting: RHB Jaime Rodríguez
|
0-0: Called Strike 0-1: Ball 1-1: Ball 2-1: Fly out, F9 (Flyball, 9)
|
Batting: SHB Tony Yan
|
0-0: Ball 1-0: Called Strike 1-1: Fielders Choice at 2nd, U4 (Groundball, 4M)
|
Bottom of the 2nd over - 0 run(s), 1 hit(s), 0 error(s), 1 left on base; Memphis 0 - Salem 2 |
TOP OF THE 3RD |
Memphis Blues batting - Pitching for Salem Silver Souls : RHP Isaac Coleman
|
Batting: RHB Irwin Duncan
|
0-0: Foul Ball, location: 2F 0-1: Ground out 5-3 (Groundball, 56)
|
Batting: RHB Juan Hernández
|
0-0: Ball 1-0: Ground out 5-3 (Groundball, 56S)
|
Batting: SHB Terry Dailey
|
0-0: Ball 1-0: Foul Ball, location: 2F 1-1: Foul Ball, location: 2F 1-2: Foul Ball, location: 2F 1-2: SINGLE (Groundball, 4MD)
|
Batting: RHB Jaime Spiridon
|
0-0: Ball 1-0: SINGLE (Groundball, 5S) (infield hit) Terry Dailey to second
|
Batting: LHB Chris Austin
|
0-0: Foul Ball, location: 2F 0-1: Ball 1-1: Foul Ball, location: 2F 1-2: Ball 2-2: Fly out, F8 (Line Drive, 8LD)
|
Top of the 3rd over - 0 run(s), 2 hit(s), 0 error(s), 2 left on base; Memphis 0 - Salem 2 |
BOTTOM OF THE 3RD |
Salem Silver Souls batting - Pitching for Memphis Blues : RHP Bill Long
|
Batting: RHB Brian Dixon
|
0-0: Fly out, F9 (Flyball, 9)
|
Batting: LHB Nick Scott
|
0-0: Ball 1-0: Called Strike 1-1: Foul Ball, location: 2F 1-2: Ball 2-2: Ball 3-2: Base on Balls
|
Batting: LHB Ezechiele Bruno
|
0-0: Called Strike 0-1: Ball 1-1: Ball 2-1: Ball 3-1: Grounds into double play, 6-4-3 (Groundball, 56)
|
Bottom of the 3rd over - 0 run(s), 0 hit(s), 0 error(s), 0 left on base; Memphis 0 - Salem 2 |
TOP OF THE 4TH |
Memphis Blues batting - Pitching for Salem Silver Souls : RHP Isaac Coleman
|
Batting: LHB Arturo Rivera
|
0-0: Called Strike 0-1: Foul Ball, location: 2F 0-2: Ball 1-2: Ball 2-2: Ball 3-2: DOUBLE (Line Drive, 8RD)
|
Batting: RHB Glenn Melican
|
0-0: Foul Ball, location: 2F 0-1: Foul Ball, location: 2F 0-2: Ball 1-2: Foul Ball, location: 2F 1-2: Ball 2-2: Foul Ball, location: 2F 2-2: Ball 3-2: SINGLE (Line Drive, 34D) Arturo Rivera to third Runner from 3rd tries for Home, SAFE, no throw
|
Batting: LHB Phil Cantrell
|
0-0: Ball 1-0: Called Strike Glenn Melican steals 2nd base 1-1: Ball 2-1: Ball 3-1: Fly out, F8 (Line Drive, 78D)
|
Pitching: RHP Dave Williams
|
|
Batting: LHB Alan McGilroy
|
0-0: DOUBLE (Flyball, 89D) Glenn Melican scores
|
Batting: RHB Irwin Duncan
|
0-0: Ground out 5-3 (Groundball, 56S) Alan McGilroy to third
|
Batting: RHB Juan Hernández
|
0-0: Ball 1-0: Called Strike 1-1: Ground out 4-3 (Groundball, 4)
|
Top of the 4th over - 2 run(s), 3 hit(s), 0 error(s), 1 left on base; Memphis 2 - Salem 2 |
BOTTOM OF THE 4TH |
Salem Silver Souls batting - Pitching for Memphis Blues : RHP Bill Long
|
Batting: RHB Gustavo Pagán
|
0-0: Ball 1-0: Swinging Strike 1-1: Ground out 5-3 (Groundball, 56S)
|
Batting: RHB Gabriel Miranda
|
0-0: Ball 1-0: Ball 2-0: Ball 3-0: Called Strike 3-1: Base on Balls
|
Batting: SHB Jesús Sosa
|
0-0: Called Strike Throwing error on steal attempt, E2 Gabriel Miranda to third 0-1: Ball 1-1: Foul Ball, location: 2F 1-2: Ball 2-2: Foul Ball, location: 2F 2-2: Ball 3-2: Foul Ball, location: 2F 3-2: Ground out 4-3 (Groundball, 4) Gabriel Miranda scores
|
Batting: RHB Willie Houk
|
0-0: SINGLE (Flyball, 4D)
|
Batting: RHB Jaime Rodríguez
|
0-0: Fly out, F9 (Flyball, 9LM)
|
Bottom of the 4th over - 1 run(s), 1 hit(s), 1 error(s), 1 left on base; Memphis 2 - Salem 3 |
TOP OF THE 5TH |
Memphis Blues batting - Pitching for Salem Silver Souls : RHP Dave Williams
|
Batting: SHB Terry Dailey
|
0-0: Ball 1-0: Fly out, F9 (Flyball, 9LM)
|
Batting: RHB Jaime Spiridon
|
0-0: Ball 1-0: Called Strike 1-1: Swinging Strike 1-2: SINGLE (Groundball, 34D)
|
Batting: LHB Chris Austin
|
0-0: Fly out, F8 (Flyball, 8LS)
|
Batting: LHB Arturo Rivera
|
0-0: Ball 1-0: Fly out, F6 (Popup, 6MD)
|
Top of the 5th over - 0 run(s), 1 hit(s), 0 error(s), 1 left on base; Memphis 2 - Salem 3 |
BOTTOM OF THE 5TH |
Salem Silver Souls batting - Pitching for Memphis Blues : RHP Bill Long
|
Batting: SHB Tony Yan
|
0-0: Called Strike 0-1: Swinging Strike 0-2: Ball 1-2: Ball 2-2: Foul Ball, location: 2F 2-2: Ground out U3 (Groundball, 34)
|
Batting: RHB Brian Dixon
|
0-0: Called Strike 0-1: SINGLE (Groundball, 6D)
|
Batting: LHB Nick Scott
|
0-0: Called Strike 0-1: Ball 1-1: Fielders Choice at 2nd, 4-6 (Groundball, 4M)
|
Batting: LHB Ezechiele Bruno
|
0-0: Ball 1-0: Ball 2-0: Foul Ball, location: 2F 2-1: Swinging Strike 2-2: Strikes out swinging
|
Bottom of the 5th over - 0 run(s), 1 hit(s), 0 error(s), 1 left on base; Memphis 2 - Salem 3 |
TOP OF THE 6TH |
Memphis Blues batting - Pitching for Salem Silver Souls : RHP Dave Williams
|
Batting: RHB Glenn Melican
|
0-0: Ground out 6-3 (Groundball, 6D)
|
Batting: LHB Phil Cantrell
|
0-0: Called Strike 0-1: Ball 1-1: Ball 2-1: DOUBLE (Line Drive, 78D)
|
Batting: LHB Alan McGilroy
|
0-0: Called Strike 0-1: Ball 1-1: Called Strike 1-2: Ball 2-2: Fly out, F5 (Popup, 56)
|
Batting: RHB Irwin Duncan
|
0-0: Fly out, F7 (Flyball, 78S)
|
Top of the 6th over - 0 run(s), 1 hit(s), 0 error(s), 1 left on base; Memphis 2 - Salem 3 |
BOTTOM OF THE 6TH |
Salem Silver Souls batting - Pitching for Memphis Blues : RHP Bill Long
|
Batting: RHB Gustavo Pagán
|
0-0: Fly out, F9 (Flyball, 89M)
|
Batting: RHB Gabriel Miranda
|
0-0: Called Strike 0-1: Fly out, F3 (Line Drive, 34)
|
Batting: SHB Jesús Sosa
|
0-0: DOUBLE (Flyball, 7D)
|
Batting: RHB Willie Houk
|
0-0: Ball 1-0: Ball 2-0: Called Strike 2-1: Ball 3-1: Foul Ball, location: 2F 3-2: Strikes out looking
|
Bottom of the 6th over - 0 run(s), 1 hit(s), 0 error(s), 1 left on base; Memphis 2 - Salem 3 |
TOP OF THE 7TH |
Memphis Blues batting - Pitching for Salem Silver Souls : RHP Dave Williams
|
Batting: RHB Juan Hernández
|
0-0: SINGLE (Flyball, 78S)
|
Batting: SHB Terry Dailey
|
0-0: Called Strike 0-1: Foul Ball, location: 2F 0-2: Ball 1-2: Foul Ball, location: 2F 1-2: Foul Ball, location: 2F 1-2: DOUBLE (Line Drive, 89D) Juan Hernández to third
|
Pinch Hitting: LHB John Foster
|
0-0: Ball 1-0: Called Strike 1-1: Foul Ball, location: 2F 1-2: Strikes out swinging
|
Batting: LHB Chris Austin
|
0-0: Reached on error, E9 (Flyball, 9D) Juan Hernández scores Terry Dailey scores
|
Batting: LHB Arturo Rivera
|
0-0: Swinging Strike 0-1: Called Strike 0-2: Foul Ball, location: 2F 0-2: Ball 1-2: Foul Ball, location: 2F 1-2: Foul Ball, location: 2F 1-2: Strikes out swinging
|
Batting: RHB Glenn Melican
|
0-0: Ball 1-0: Ball 2-0: Fly out, F7 (Line Drive, 7D)
|
Top of the 7th over - 2 run(s), 2 hit(s), 1 error(s), 1 left on base; Memphis 4 - Salem 3 |
BOTTOM OF THE 7TH |
Salem Silver Souls batting - Pitching for Memphis Blues : RHP Bill Long
|
Now at 3B: Raúl García
|
|
Batting: RHB Jaime Rodríguez
|
0-0: Ball 1-0: Ball 2-0: Foul Ball, location: 2F 2-1: Ground out 1-3 (Groundball, 13S)
|
Batting: SHB Tony Yan
|
0-0: Called Strike 0-1: SINGLE (Groundball, 34D)
|
Pitching: RHP David Bates
|
|
Batting: RHB Brian Dixon
|
0-0: Ball
|
|
|
|
1-0: Fly out, F8 (Flyball, 8LS)
|
Batting: LHB Nick Scott
|
0-0: Called Strike Throwing error on steal attempt, E2 Tony Yan to third 0-1: Ball 1-1: Foul Ball, location: 2F 1-2: Ground out 4-3 (Groundball, 4)
|
Bottom of the 7th over - 0 run(s), 1 hit(s), 1 error(s), 1 left on base; Memphis 4 - Salem 3 |
TOP OF THE 8TH |
Memphis Blues batting - Pitching for Salem Silver Souls : RHP Dave Williams
|
Batting: LHB Phil Cantrell
|
0-0: Called Strike 0-1: Called Strike 0-2: Ball 1-2: Fly out, F2 (Popup, 23)
|
Batting: LHB Alan McGilroy
|
0-0: Foul Ball, location: 2F 0-1: Ball 1-1: Ball 2-1: Ball 3-1: Base on Balls
|
Pinch Hitting: RHB Sadao Kato
|
0-0: Ball 1-0: Called Strike 1-1: Ball 2-1: SINGLE (Line Drive, 34) Alan McGilroy to second Runner from 2nd tries for 3rd, SAFE, throw made to third
|
Batting: RHB Juan Hernández
|
0-0: Called Strike 0-1: Ball 1-1: Ball 2-1: Ball 3-1: Base on Balls Sadao Kato to second
|
Batting: SHB Terry Dailey
|
0-0: Ball 1-0: Ball 2-0: Ball 3-0: Called Strike 3-1: Base on Balls Alan McGilroy scores Sadao Kato to third Juan Hernández to second
|
Pitching: RHP Tim Cameron
|
|
Batting: LHB Raúl García
|
0-0: Ball Wild Pitch! Sadao Kato scores Juan Hernández to third Terry Dailey to second 1-0: Swinging Strike 1-1: Swinging Strike 1-2: Foul Ball, location: 2F 1-2: Foul Ball, location: 2F 1-2: Strikes out looking
|
Batting: LHB Chris Austin
|
0-0: Ball 1-0: Ball 2-0: Ground out 5-3 (Groundball, 25)
|
Top of the 8th over - 2 run(s), 1 hit(s), 0 error(s), 2 left on base; Memphis 6 - Salem 3 |
BOTTOM OF THE 8TH |
Salem Silver Souls batting - Pitching for Memphis Blues : RHP David Bates
|
Now in CF: Mark Folger
|
|
Batting: LHB Ezechiele Bruno
|
0-0: Ball 1-0: Ball 2-0: Foul Ball, location: 2F 2-1: Called Strike 2-2: Ball 3-2: SINGLE (Line Drive, 56)
|
Pitching: RHP Larry West
|
|
Batting: RHB Gustavo Pagán
|
0-0: Ball 1-0: Called Strike 1-1: DOUBLE (Flyball, 9LM) Ezechiele Bruno to third
|
Batting: RHB Gabriel Miranda
|
0-0: Ball 1-0: Ball 2-0: Swinging Strike 2-1: Swinging Strike 2-2: Fly out, F8 (Flyball, 8RM) Runner from 3rd tags up, SCORES, throw made
|
Batting: SHB Jesús Sosa
|
0-0: Ball 1-0: Ball 2-0: Ball 3-0: Base on Balls
|
Pinch Hitting: LHB Hamilton Hughes
|
0-0: Foul Ball, location: 2F 0-1: Called Strike 0-2: SINGLE (Line Drive, 7S) Gustavo Pagán to third Jesús Sosa to second Runner from 3rd tries for Home, SAFE, throw made home
|
Batting: RHB Jaime Rodríguez
|
0-0: DOUBLE (Flyball, 78M) Jesús Sosa scores Hamilton Hughes to third
|
Batting: SHB Tony Yan
|
0-0: Ground out 4-3 (Groundball, 4M)
|
Batting: RHB Brian Dixon
|
0-0: Fly out, F3 (Flyball, 3DF)
|
Bottom of the 8th over - 3 run(s), 4 hit(s), 0 error(s), 2 left on base; Memphis 6 - Salem 6 |
TOP OF THE 9TH |
Memphis Blues batting - Pitching for Salem Silver Souls : RHP Tim Cameron
|
Pitching: RHP Taylor Bowen
|
|
Now at 1B: Hamilton Hughes
|
|
Batting: LHB Arturo Rivera
|
0-0: SINGLE (Groundball, 3D)
|
Batting: RHB Glenn Melican
|
0-0: Called Strike Arturo Rivera steals 2nd base 0-1: Ball 1-1: Swinging Strike 1-2: Ground out 5-3 (Groundball, 5S) Arturo Rivera to third
|
Batting: LHB Phil Cantrell
|
0-0: Ball 1-0: Ball 2-0: Ball 3-0: Called Strike 3-1: Fly out, F7 (Flyball, 7LM) Runner from 3rd tags up, SCORES, no throw
|
Batting: LHB Alan McGilroy
|
0-0: Ball 1-0: Called Strike 1-1: Swinging Strike 1-2: Foul Ball, location: 2F 1-2: Strikes out swinging
|
Top of the 9th over - 1 run(s), 1 hit(s), 0 error(s), 0 left on base; Memphis 7 - Salem 6 |
BOTTOM OF THE 9TH |
Salem Silver Souls batting - Pitching for Memphis Blues : RHP Larry West
|
Pitching: RHP Tommy Waters
|
|
Batting: LHB Nick Scott
|
0-0: Ball 1-0: Ball 2-0: Ball 3-0: Called Strike 3-1: Foul Ball, location: 2F 3-2: SINGLE (Groundball, 56D)
|
Batting: LHB Ezechiele Bruno
|
0-0: Ball 1-0: Ball 2-0: Called Strike 2-1: Fly out, F4 (Popup, 34D)
|
Batting: RHB Gustavo Pagán
|
0-0: Called Strike 0-1: Foul Ball, location: 2F 0-2: Ball 1-2: Ball 2-2: Strikes out looking
|
Batting: RHB Gabriel Miranda
|
0-0: Swinging Strike 0-1: Ball 1-1: Ball 2-1: Foul Ball, location: 2F 2-2: Fielders Choice at 2nd, 6-4 (Groundball, 56)
|
Bottom of the 9th over - 0 run(s), 1 hit(s), 0 error(s), 0 left on base; Memphis 7 - Salem 6 |
|
Thursday, March 30th, 2017 - OOTP Baseball 17.12 Build 75
|
|